[Event "XTX Markets LCC Super Blitz-S2 2024"]
[Site "London"]
[Date "2024.12.07"]
[Round "7.3"]
[White "Firouzja, Alireza"]
[Black "Vitiugov, Nikita"]
[Result "1-0"]
[Annotator "TA"]
[ECO "A07"]
[WhiteElo "2763"]
[BlackElo "2668"]
[PlyCount "71"]
[EventDate "2024.11.28"]
[EventType "tourn"]
[EventCountry "ENG"]
[SourceTitle "playchess.com"]
[Source "ChessBase"]
[SourceQuality "1"]
[TimeControl "180+2"]

1. Nf3 d5 2. b3 Bf5 3. Bb2 e6 4. g3 h6 5. Bg2 Nf6 6. O-O Be7 7. d3 O-O 8. Nbd2 Bh7 9. Re1 a5 10. a4 c6 11. e4 {[%emt 0:00:02] The position is equal.} Na6 12. exd5 Nxd5 13. Nc4 Nab4 14. Qd2 c5 (14... Re8 $11) 15. Nfe5 $16 Bf6 16. f4 Qc7 17. Qf2 Rad8 18. Re2 Rb8 19. Rae1 Ne7 20. Na3 b6 21. Nb5 Qd8 {[%emt 0:00:01] [#]} 22. Rd2 $1 Qc8 23. Nd6 (23. d4 $16) 23... Qd8 24. Ne4 {[%emt 0:00:04] Hoping for Nxf6+. White has more active pieces.} Bxe5 25. Bxe5 Rc8 26. Nd6 {[%emt 0:00:13][%cal Od3d4] [#] And now d4! would win.} Rc6 27. Nc4 Rc8 (27... Ned5 $142 28. g4 f6) 28. g4 Nec6 29. Bb2 {[%emt 0:00:08] This pair of bishops is nice.} (29. Bd6 $18 {has better winning chances.}) 29... Re8 (29... Nd4 $142) 30. f5 Nd4 31. Bxd4 cxd4 32. Rde2 Qg5 $2 (32... Rf8 $16 {is tougher.}) 33. Nd6 $18 {[%emt 0:00:06] White is clearly winning.} ({Weaker is} 33. Nxb6 Rc3 $16) ({Less strong is} 33. Qxd4 Qh4 $18) (33. fxe6 Rxe6 34. Rxe6 fxe6 $14) 33... Qxg4 34. fxe6 fxe6 35. Qf7+ Kh8 36. Nxe8 {[%emt 0:00:01] Weighted Error Value: White=0.14 (very precise) /Black=0.48.  Loses game:     	---       	Black=1      Mistake:       	White=2     	Black=4      Inaccurate:     	---       	Black=3      OK:         	White=8     	Black=6      Best:        	White=2     	Black=2      Strong:       	White=1     	---} 1-0

[Event "XTX Markets LCC Super Blitz-S2 2024"]
[Site "London"]
[Date "2024.12.07"]
[Round "7.4"]
[White "Vidit, Santosh Gujrathi"]
[Black "Smirin, Ilia"]
[Result "1/2-1/2"]
[Annotator "TA"]
[ECO "B30"]
[WhiteElo "2727"]
[BlackElo "2574"]
[PlyCount "84"]
[EventDate "2024.11.28"]
[EventType "tourn"]
[EventCountry "ENG"]
[SourceTitle "playchess.com"]
[Source "ChessBase"]
[SourceQuality "1"]
[TimeControl "180+2"]

1. e4 c5 2. Nf3 Nc6 3. Bb5 e6 4. Bxc6 bxc6 5. d3 Qc7 6. Nc3 e5 7. O-O d6 8. Ne2 Be7 9. Ng3 g6 10. h3 h5 11. c3 Nf6 12. Bg5 Nh7 13. Bxe7 Qxe7 14. d4 h4 15. Ne2 Ng5 16. Nxg5 Qxg5 17. f4 exf4 18. Nxf4 cxd4 19. cxd4 O-O 20. Rc1 Re8 21. Qf3 {[%emt 0:00:08][%cal Of4d5] Hoping for Nd5!} Bd7 {[%emt 0:00:23] [#]} (21... Qg3 $11) 22. Nh5 $2 f5 $17 (22... Qxh5 $2 23. Qxf7+ Kh8 24. Qxd7 $18) 23. Qb3+ {[%emt 0:00:22] [#]} Be6 $1 (23... Kf8 24. Nf4 (24. Qb7 Rad8 $11) 24... Rxe4 25. Qb7 $17) 24. d5 Bf7 (24... Qxh5 25. dxe6 Qg5 26. exf5 (26. Rxc6 Rab8 $18) 26... gxf5 27. Rce1 $18 (27. Rxc6 Rab8 $18)) 25. Nf4 {[%emt 0:00:21] [#]} Rxe4 ({Black should try} 25... Rab8 $1 $17 26. Qa3 Rxe4 27. Qxa7 (27. Qxd6 $2 {loses.} Rxb2 28. Qxc6 Rxf4 $19) 27... Rxb2 28. Qa8+ Kh7) 26. Ne6 $15 Qg3 (26... Bxe6 {is more complex.} 27. dxe6 c5 28. Rce1 Rxe1 29. Rxe1 Qe7) 27. Rxc6 Qxb3 28. axb3 Bxe6 29. dxe6 Rxe6 $11 {[%emt 0:00:02][%mdl 4096] Endgame. KRR-KRR} 30. Rf4 Rb8 31. b4 (31. Rxh4 $11 {is superior.} Rxb3 32. Rc7) 31... Re4 (31... Rb6 $15 32. Rc8+ Kg7 33. Rxh4 Re1+ 34. Kf2 Rd1) 32. Rxe4 {The position is equal.} fxe4 33. Rxd6 Rxb4 34. Rxg6+ {[%emt 0:00:02] KR-KR} Kf7 35. Rg4 Kf6 36. Rxh4 Ke5 37. Rh7 a5 38. Rh5+ Kd4 39. Rxa5 Rxb2 40. Ra3 e3 {[%emt 0:00:01] White must now prevent ...Rb1+.} 41. Kf1 Rf2+ 42. Ke1 Rxg2 {[%emt 0:00:02] Weighted Error Value: White=0.23 (precise) /Black=0.18 (very precise) .  Missed win:     	White=1     	---        Mistake:       	White=1     	Black=3      Inaccurate:     	White=2     	Black=3      OK:         	White=15    	Black=15     Best:        	White=3     	---        Strong:       	---       	Black=1} 1/2-1/2